Map: Ruins of Seras

Players

Burt - Winner!

  • Race: Terran Terran
  • League: Platinum

Axel

  • Race: Protoss Protoss
  • League: Gold

VOD

Have the link to the VOD?

Description

Time

  • Played on: Dec. 29, 2015, 2:23 p.m.
  • Length: 11:09
Show
View Real Time Build Order
Export as new Build Order

Burt Terran - Winner!

Build Orders: Reaper Expand 

Get SALT Encoding   

  12  0:01  SCV  
  13  0:13  SCV  
  14  0:18  Supply Depot  
  14  0:25  SCV  
  15  0:39  SCV  
  15  0:41  Barracks  
  16  0:46  Refinery  
  16  0:52  SCV  
  17  1:04  SCV  
  18  1:16  SCV  
  19  1:29  Reaper  
  19  1:31  Orbital Command  
  20  1:50  Command Center  
  20  1:55  Supply Depot  
  20  1:57  SCV  
  21  2:13  Refinery  
  21  2:14  Barracks Reactor  
  21  2:28  Factory  
  21  2:30  SCV  
  22  2:42  SCV  
  23  2:55  SCV  
  23  2:57  Marine x2  
  26  3:06  Orbital Command  
  25  3:13  Factory Tech Lab  
  25  3:18  Starport  
  25  3:20  Marine  
  26  3:28  SCV  
  26  3:31  SCV  
  28  3:36  Supply Depot  
  28  3:37  Cyclone  
  28  3:39  Marine x2  
  28  3:40  SCV  
  34  3:43  SCV  
  35  3:52  SCV  
  36  3:55  SCV  
  36  3:56  Starport Tech Lab  
  36  3:59  Marine  
  36  4:00  Marine  
  39  4:04  SCV  
  41  4:15  Orbital Command  
  40  4:19  Marine x2  
  40  4:22  Raven  
  44  4:26  Engineering Bay  
  44  4:33  SCV  
  44  4:35  Refinery  
  45  4:39  Siege Tank, Marine  
  45  4:43  Refinery  
  45  4:45  SCV x2  
  50  4:52  Missile Turret  
  51  4:55  Terran Infantry Weapons Level 1  
  51  4:57  SCV x2  
  53  5:01  Missile Turret, Marine  
  53  5:02  Marine  
  51  5:17  SCV  
  51  5:18  SCV  
  51  5:19  Marine  
  54  5:24  Supply Depot  
  54  5:27  Marine  
  54  5:28  Siege Tank  
  58  5:30  SCV x2  
  60  5:42  SCV x2  
  62  5:45  Viking  
  62  5:49  Supply Depot  
  64  5:53  Command Center  
  64  5:54  SCV  
  65  5:58  SCV  
  66  6:06  SCV  
  67  6:19  SCV x2  
  69  6:31  SCV x2, Barracks  
  69  6:32  Starport Reactor  
  71  6:33  Barracks  
  71  6:36  Siege Tank, Marine x2  
  76  6:49  SCV x2  
  76  6:51  Terran Infantry Armor Level 1  
  78  7:02  Supply Depot  
  78  7:04  Supply Depot x2  
  78  7:05  SCV, Marine x2  
  78  7:07  Missile Turret  
  81  7:12  Ghost Academy  
  81  7:16  Orbital Command  
  81  7:21  Stimpack  
  81  7:24  Medivac x2  
  81  7:26  Barracks  
  81  7:27  Barracks Tech Lab  
  86  7:37  SCV x2  
  86  7:39  Missile Turret  
  87  7:45  Ghost  
  87  7:46  Ghost  
  87  7:47  Marine x2  
  87  7:49  SCV x2  
  87  7:51  Combat Shields  
  95  7:55  Orbital Command  
  96  8:01  SCV x2  
  96  8:05  Marine  
  97  8:06  Marine  
  97  8:08  Siege Tank, Liberator  
  102  8:14  Marine  
  102  8:15  Marine  
  102  8:16  Barracks Reactor  
  104  8:22  Missile Turret  
  104  8:23  Marine  
  104  8:24  Marine  
  109  8:32  Marine  
  109  8:33  Marine  
  111  8:37  SCV x2, Supply Depot  
  111  8:41  Liberator, Marine  
  114  8:42  Marine  
  114  8:43  Supply Depot x2  
  115  8:49  Marine  
  115  8:51  Marine  
  117  8:58  Siege Tank, Marine  
  117  9:00  Marine  
  125  9:06  Supply Depot  
  125  9:10  Marine x4  
  125  9:16  Marine  
  130  9:18  Marine  
  130  9:20  Medivac  
  130  9:21  SCV x3  
  136  9:28  Marine x4  
  136  9:30  Widow Mine  
  136  9:33  SCV x2  
  136  9:38  Marine x2  
  135  9:41  Medivac  
  139  9:45  Marine  
  139  9:46  Marine x3  
  143  9:56  Marine x2  
  143  9:58  Widow Mine  
  142  10:03  Marine x2  
  142  10:04  Marine x2  
  110  10:32  Marine  
  110  10:33  Marine x5  
  102  10:50  Marine x2  
  102  10:51  Marine  
Show
View Real Time Build Order
Export as new Build Order

Axel Protoss 

Build Orders: 1 Gate Expand, Oracle Opening 

Get SALT Encoding   

  12  0:01  Probe (Chrono Boost)  
  13  0:11  Probe (Chrono Boost)  
  14  0:19  Pylon  
  14  0:23  Probe (Chrono Boost)  
  15  0:37  Probe (Chrono Boost)  
  15  0:40  Gateway  
  16  0:47  Probe (Chrono Boost)  
  17  0:50  Assimilator  
  17  0:58  Probe (Chrono Boost)  
  18  1:09  Probe (Chrono Boost)  
  19  1:26  Nexus  
  19  1:34  Cybernetics Core  
  19  1:37  Probe (Chrono Boost)  
  20  1:48  Probe (Chrono Boost)  
  20  1:51  Assimilator  
  21  1:55  Pylon  
  21  1:58  Probe (Chrono Boost)  
  22  2:09  Probe (Chrono Boost)  
  22  2:13  Warp Gate  
  23  2:20  Adept (Chrono Boost)  
  23  2:21  Probe (Chrono Boost)  
  26  2:32  Probe  
  27  2:45  Mothership Core (Chrono Boost)  
  27  2:49  Probe (Chrono Boost)  
  30  3:00  Probe (Chrono Boost)  
  30  3:05  Probe (Chrono Boost)  
  32  3:11  Probe (Chrono Boost), Stargate  
  33  3:15  Probe (Chrono Boost)  
  33  3:22  Probe (Chrono Boost)  
  33  3:26  Probe (Chrono Boost)  
  35  3:32  Probe (Chrono Boost)  
  36  3:35  Pylon  
  36  3:36  Probe (Chrono Boost)  
  37  3:43  Probe (Chrono Boost), Twilight Council  
  37  3:48  Probe (Chrono Boost), Gateway x2  
  39  3:52  Probe (Chrono Boost)  
  39  3:54  Pylon  
  40  3:56  Oracle (Chrono Boost)  
  40  3:59  Probe, Assimilator  
  40  4:02  Probe  
  45  4:11  Probe  
  45  4:13  Probe, Pylon  
  47  4:18  Pylon  
  47  4:23  Probe x2  
  48  4:26  Adept  
  51  4:34  Probe  
  51  4:35  Probe  
  53  4:41  Assimilator  
  53  4:44  Probe  
  53  4:47  Probe  
  53  4:50  Stalker, Pylon  
  53  4:51  Stalker x2  
  61  4:55  Probe  
  61  4:59  Probe  
  63  5:11  Probe  
  64  5:16  Fleet Beacon, Stargate, Probe  
  65  5:27  Adept  
  67  5:32  Nexus  
  67  5:36  Probe  
  67  5:37  Probe  
  67  5:42  Adept x2  
  73  5:47  Resonating Glaives, Probe  
  73  5:49  Probe  
  75  5:54  Pylon  
  75  5:56  Pylon  
  75  5:59  Pylon  
  75  6:00  Pylon  
  75  6:05  Tempest (Chrono Boost)  
  79  6:17  Probe  
  80  6:21  Tempest (Chrono Boost)  
  80  6:22  Probe  
  80  6:24  Robotics Facility  
  85  6:29  Probe  
  86  6:33  Probe  
  87  6:40  Protoss Air Weapons Level 1  
  87  6:45  Assimilator  
  91  6:47  Assimilator  
  91  6:48  Tempest (Chrono Boost)  
  91  6:52  Pylon  
  91  7:02  Probe  
  91  7:04  Tempest (Chrono Boost)  
  91  7:07  Zealot  
  98  7:08  Zealot  
  98  7:15  Observer  
  101  7:32  Probe  
  101  7:37  Probe  
  106  7:40  Tempest (Chrono Boost)  
  107  7:44  Charge  
  107  7:45  Gateway  
  107  7:46  Gateway  
  107  7:48  Gateway, Probe  
  108  8:05  Tempest (Chrono Boost)  
  112  8:08  Probe  
  113  8:19  Zealot x3  
  119  8:27  Nexus  
  119  8:28  Pylon, Robotics Bay  
  119  8:30  Pylon  
  119  8:31  Pylon  
  119  8:33  Gateway, Assimilator  
  119  8:34  Gateway  
  119  8:37  Assimilator  
  119  8:40  Zealot x3  
  125  8:41  Gateway  
  125  8:43  Gateway  
  125  8:47  Protoss Air Armor Level 1  
  129  8:50  Tempest (Chrono Boost)  
  129  8:56  Cybernetics Core  
  129  9:08  Warp Prism  
  131  9:16  Probe  
  131  9:17  Probe  
  132  9:40  Tempest x2 (Chrono Boost)  
  132  9:44  Zealot x5  
  132  9:45  Zealot  
  110  10:08  Zealot x6  
  110  10:09  Zealot  
  96  10:22  Zealot  
  92  10:31  Zealot x2  
  92  10:32  Zealot x5  
  78  10:50  Zealot  
  78  10:54  Zealot  
  78  10:55  Zealot x3  
  86  11:02  Zealot x3  
Tags
 
Add a new tag
Caveats
  • Supply blocks, unpowered buildings, or Contaminate may cause inaccurate times.
  • Supply counts are checked every 10 seconds.